 Dungeon Crawl Stone Soup version 0.24-b1-48-gd9db55c (webtiles) character file.

Game seed: 2051529291233516911, levelgen mode: deterministic

10094 sanboga the Protected (level 11, -13/71 HPs)
             Began as a Gargoyle Berserker on Oct 24, 2019.
             Was an Elder of Trog.
             Mangled by a large abomination (24 damage)
             ... on level 3 of the Abyss.
             The game lasted 00:21:36 (9508 turns).

sanboga the Protected (Gargoyle Berserker)          Turns: 9508, Time: 00:21:36

Health: -13/71     AC: 25    Str: 25    XL:     11   Next: 56%
Magic:  11/11      EV:  7    Int:  7    God:    Trog [****..]
Gold:   1026       SH: 12    Dex:  9    Spells: 10/10 levels left

rFire    + + .     SeeInvis .   h - +0 war axe
rCold    + . .     Gourm    .   v - +0 shield
rNeg     + . .     Faith    .   o - +0 plate armour
rPois    ∞         Spirit   .   (no helmet)
rElec    +         Reflect  .   s - scarf {rC+ rF+}
rCorr    +         Harm     .   i - +1 pair of gloves
MR       .....                  (no boots)
Stlth    ..........             (no amulet)
HPRegen  0.21/turn              J - ring of protection from fire
MPRegen  0.12/turn              d - ring of resist corrosion

@: berserk cooldown, slowed, studying Armour, very slow
A: negative energy resistance 1, electricity resistance, unbreathing,
petrification resistance, rot immunity, AC +8
a: Berserk, Trog's Hand, Brothers in Arms, Renounce Religion


You were on level 3 of the Abyss.
You worshipped Trog.
Trog was greatly pleased with you.
You were not hungry.

You visited 1 branch of the dungeon, and saw 10 of its levels.
You visited the Abyss 1 time.
You also visited: Bailey.

You collected 1026 gold pieces.

Inventory:

Hand Weapons
 a - a +1 hand axe of flaming
 h - a +0 war axe (weapon)
 y - a +2 hand axe of holy wrath
Armour
 i - a +1 pair of gloves (worn)
 o - a +0 plate armour (worn)
 s - a scarf of resistance (worn)
 v - a +0 shield (worn)
Jewellery
 d - a ring of resist corrosion (right hand)
 m - an uncursed ring of protection from cold
 u - an uncursed ring of magical power {unknown}
 J - a ring of protection from fire (left hand)
Wands
 j - a wand of acid (13)
 n - a wand of paralysis (5)
 r - a wand of digging (4)
 x - a wand of random effects (21)
 B - a wand of iceblast (20)
 D - a wand of scattershot (4)
 E - a wand of flame (19)
 H - a wand of disintegration (2)
Scrolls
 g - 7 scrolls of remove curse
 k - 8 scrolls of teleportation
 l - 6 scrolls of enchant armour
 t - 4 scrolls of enchant weapon
Potions
 b - a potion of lignification
 e - 3 potions of mutation
 f - 3 potions of haste
 p - a potion of heal wounds
 w - 3 potions of curing
 C - a potion of cancellation {unknown}
 F - 2 potions of ambrosia {unknown}
Books
 q - a manual of Armour
Comestibles
 c - 8 rations


   Skills:
 + Level 9.1 Fighting
 * Level 10.4 Axes
 + Level 11.5 Armour
 - Level 1.5 Dodging
 * Level 9.8 Shields


You had 10 spell levels left.
You didn't know any spells.
Your spell library was empty.

Dungeon Overview and Level Annotations

Branches:
Dungeon (10/15)            Temple (0/1) D:7            Lair (0/6) D:9
 Bailey (visited)
    Orc: D:9-12

Altars:
Ashenzari
Elyvilon
Hepliaklqana
Kikubaaqudgha
Qazlal
Sif Muna
Wu Jian
Xom
Yredelemnul
Zin

Shops:
D:7 :

Annotations:
D:10 Jabob's ghost, journeyman MfAK


Innate Abilities, Weirdness & Mutations

You are resistant to torment.
Your stone body is resilient. (AC +8)
You are immune to poison.
You resist negative energy. (rN+)
You are resistant to electric shocks. (rElec)
You can survive without breathing.
You are immune to petrification.
You are immune to rotting.


Message History

You feel your anger nearly subside.
You are no longer berserk.
Trog's vigour flows through your veins.
You are exhausted.
You feel yourself slow down.
You start resting.
A large abomination manifests with a bang!
A large abomination is nearby!
A large abomination is nearby!
You completely miss the large abomination.
The large abomination closely misses you.
You hit the large abomination.
The large abomination is lightly damaged.
The large abomination hits you!!
* * * LOW HITPOINT WARNING * * *
The large abomination barely misses you.
You slash the large abomination!
The large abomination is moderately damaged.
You block the large abomination's attack.
The large abomination hits you!!
You die...

....... ..
.......... ..#.
...## .##. ..#..
........
.....##... ...
..#.#..#.#..#.#
.......#.#....#
..#...#X..#...#.
.......@........
...#########..#.
... .


You could see a large abomination.

Vanquished Creatures
  A two-headed ogre (D:10)
  2 orc knights (Bailey)
  A cyclops (D:8)
  2 manticores
  Maurice (D:8)
  A troll (D:9)
  A hippogriff (D:7)
  A wyvern (D:10)
  2 hungry ghosts (D:9)
  Edmund (D:7)
  A water moccasin (D:9)
  Duvessa (D:6)
  7 orc warriors
  7 porcupines (D:9)
  A black bear (D:9)
  2 ice beasts
  4 sky beasts
  An eye of draining (D:7)
  2 necrophages
  A phantom (D:6)
  5 ogres
  2 centaurs
  A crocodile (D:9)
  A big kobold (D:4)
  Blork the orc (D:5)
  4 bullfrogs
  Dowan (D:6)
  A wyvern skeleton (D:8)
  6 scorpions
  A howler monkey (D:4)
  4 crimson imps
  A quasit (D:9)
  7 orc priests
  A centaur zombie (D:7)
  4 jellies
  10 orc wizards
  A centaur skeleton (D:7)
  4 hounds
  A bullfrog zombie (D:7)
  5 iguanas
  A bullfrog skeleton (D:8)
  5 worker ants
  2 hound zombies
  4 gnolls (D:8)
  2 howler monkey skeletons (D:7)
  11 adders
  2 shadow imps (D:6)
  5 oozes (D:8)
  A worm (D:3)
  An adder skeleton (D:5)
  An adder zombie (D:7)
  A dart slug (D:2)
  2 leopard geckos
  31 orcs
  A bat zombie (D:6)
  2 giant cockroaches (D:8)
  9 goblins
  11 hobgoblins
  10 jackals
  6 quokkas
  A ball python (D:2)
  6 bats
  7 frilled lizards
  2 jackal zombies
  21 kobolds
  A quokka zombie (D:9)
  A rat (D:1)
  4 rat zombies (D:6)
  5 fungi (D:9)
  5 plants (D:9)
262 creatures vanquished.

Vanquished Creatures (collateral kills)
  2 two-headed ogres (D:10)
  A goblin (Bailey)
3 creatures vanquished.

Vanquished Creatures (others)
  27 fungi (D:9)
  5 plants (D:9)
32 creatures vanquished.

Grand Total: 297 creatures vanquished

Notes
Turn   | Place    | Note
-------+----------+-------------------------------------------
     0 | D:1      | sanboga the Gargoyle Berserker began the quest for the Orb.
     0 | D:1      | Reached XP level 1. HP: 14/14 MP: 1/1
   436 | D:1      | Reached XP level 2. HP: 19/19 MP: 2/2
   955 | D:2      | You fall into a shaft and drop 1 floor!
  1062 | D:3      | Reached XP level 3. HP: 20/23 MP: 3/3
  1516 | D:2      | Found a glowing silver altar of Zin.
  1954 | D:2      | Found a white marble altar of Elyvilon.
  1958 | D:2      | Found a shimmering altar of Xom.
  1961 | D:2      | Found an ornate altar of the Wu Jian Council.
  2389 | D:3      | Reached XP level 4. HP: 22/29 MP: 4/4
  2728 | D:3      | Reached skill level 3 in Armour
  2971 | D:4      | Reached XP level 5. HP: 33/33 MP: 5/5
  2974 | D:4      | Noticed a big kobold
  3109 | D:4      | Killed a big kobold
  3109 | D:4      | Reached XP level 6. HP: 29/39 MP: 6/6
  3113 | D:4      | Reached ** piety under Trog
  3113 | D:4      | Reached skill level 4 in Armour
  3237 | D:4      | Reached skill level 5 in Axes
  3365 | D:4      | Reached skill level 5 in Fighting
  3515 | D:4      | Found a hazy altar of Hepliaklqana.
  3615 | D:5      | Entered Level 5 of the Dungeon
  3640 | D:5      | Reached XP level 7. HP: 44/44 MP: 7/7
  3739 | D:5      | Reached skill level 5 in Armour
  3974 | D:5      | Noticed Blork the orc
  3989 | D:5      | Killed Blork the orc
  4296 | D:5      | Reached skill level 6 in Armour
  4438 | D:6      | Reached XP level 8. HP: 51/51 MP: 8/8
  4598 | D:6      | Reached skill level 1 in Shields
  4695 | D:6      | Noticed Duvessa
  4695 | D:6      | Noticed Dowan
  4704 | D:6      | Killed Duvessa
  4708 | D:6      | Killed Dowan
  4756 | D:6      | Found a basalt altar of Yredelemnul.
  4782 | D:6      | Found a stormy altar of Qazlal.
  4806 | D:6      | Found a stormy altar of Qazlal.
  4809 | D:6      | Noticed Edmund
  4955 | D:6      | Reached skill level 7 in Armour
  5249 | D:6      | Reached *** piety under Trog
  5253 | D:6      | Found an ancient bone altar of Kikubaaqudgha.
  5339 | D:7      | Killed Edmund
  5371 | D:7      | Found a staircase to the Ecumenical Temple.
  5405 | D:7      | Reached XP level 9. HP: 53/56 MP: 9/9
  5667 | D:7      | Reached skill level 8 in Armour
  5742 | D:7      | Noticed a manticore
  5777 | D:7      | Reached skill level 5 in Shields
  5789 | D:7      | Killed a manticore
  5823 | D:7      | Got a distressingly furry chain mail
  5835 | D:7      | Identified the +4 chain mail of Resonance {Int+2} (You
                  | found it on level 7 of the Dungeon)
  6023 | D:7      | Found Bociroguv's Book Shoppe.
  6089 | D:7      | Reached **** piety under Trog
  6291 | D:8      | Noticed a cyclops
  6306 | D:8      | Killed a cyclops
  6306 | D:8      | Reached skill level 9 in Armour
  6374 | D:8      | Reached XP level 10. HP: 63/63 MP: 10/10
  6676 | D:8      | Noticed Maurice
  6685 | D:8      | Noticed a manticore
  6692 | D:8      | Killed a manticore
  6703 | D:8      | Killed Maurice
  6710 | D:8      | Reached skill level 10 in Armour
  7039 | D:9      | Found a staircase to the Lair.
  7329 | D:9      | Reached ***** piety under Trog
  7345 | D:9      | Found a shattered altar of Ashenzari.
  7432 | D:9      | Reached XP level 11. HP: 42/69 MP: 11/11
  7459 | D:9      | Found a shimmering blue altar of Sif Muna.
  7848 | D:10     | Entered Level 10 of the Dungeon
  7892 | D:10     | Found a transporter.
  7892 | D:10     | Found a transporter.
  7896 | D:10     | Noticed Jabob's ghost (journeyman MfAK)
  7897 | D:10     | Noticed a two-headed ogre
  7921 | D:10     | Found a flagged portal.
  7933 | Bailey   | Entered a bailey
  7952 | Bailey   | Noticed an orc knight
  7957 | Bailey   | Reached skill level 10 in Axes
  7962 | Bailey   | Noticed an orc knight
  7968 | Bailey   | Killed an orc knight
  7968 | Bailey   | Reached skill level 11 in Armour
  7994 | Bailey   | Killed an orc knight
  8375 | Bailey   | Received a gift from Trog
  8480 | D:10     | Noticed a two-headed ogre
  8502 | D:10     | Identified a scroll of acquirement
  8692 | D:10     | Noticed a two-headed ogre
  9260 | D:10     | Killed a two-headed ogre
  9273 | D:10     | Killed a two-headed ogre
  9496 | D:10     | Killed a two-headed ogre
  9496 | D:10     | Cast into level 3 of the Abyss (Jabob's ghost)
  9508 | Abyss:3  | Mangled by a large abomination

Skill      XL: |  1  2  3  4  5  6  7  8  9 10 11 |
---------------+----------------------------------+-----
Axes           | 3 4 5 6 7 8 9 10 | 10.4
Armour         | 3 4 6 7 9 10 11 | 11.5
Fighting       | 4 5 6 7 8 9 |  9.1
Shields        | 3 6 8 9 |  9.8
Dodging        | |  1.5

Action                   |  1- 3 |  4- 6 |  7- 9 | 10-12 || total
-------------------------+-------+-------+-------+-------++-------
Melee: Hand axe          |   158 |   100 |   397 |   382 ||  1037
       War axe           |       |       |       |   113 ||   113
Invok: Berserk           |     1 |     2 |     7 |     7 ||    17
       Brothers in Arms  |       |       |       |     3 ||     3
Evoke: Wand              |       |       |     4 |       ||     4
  Use: Scroll            |     9 |     3 |     6 |     7 ||    25
       Potion            |       |       |       |     6 ||     6
 Stab: Sleeping          |     1 |     1 |       |       ||     2
       Paralysed         |       |       |     8 |       ||     8
       Invisible         |       |       |       |    10 ||    10
  Eat: Chunk             |     5 |     6 |    13 |     6 ||    30
       Ration            |       |       |     1 |     5 ||     6
Armor: Animal skin       |    58 |    28 |       |       ||    86
       Chain mail        |       |       |    88 |       ||    88
       Plate armour      |       |       |   148 |   356 ||   504
       Skin              |       |       |       |    87 ||    87
Dodge: Dodged            |   135 |    56 |   133 |   207 ||   531
Block: Shield            |       |       |    37 |   195 ||   232
       Buckler           |       |       |    48 |    68 ||   116
